AoeStats
← lexal

Arabia

508681338Analyzed
1v1 RM · 9d ago on Sep 23, 2026· 17m 55s· 2 players
Game mode
Random Map
Map size
Tiny (2 player)
Population
200
Speed
Normal
Resources
Standard
Victory
Conquest
Starting age
Dark Age
Ending age
Imperial Age
RankedLock teamsTeams togetherTeam positionsShared explorationLock speedFull tech treeHidden civsTurbo modeCheats
Victory
Defeat
🇲🇰 Berbers · North Macedonia
959
+16
🇷🇺 Bulgarians · Russia
959
-16
7zillyツ
10:06 Loom
11:51 Feudal Age
16:07 Castle Age
14:01 Horse Collar
15:55 Bloodlines
lexal
10:14 Loom
12:05 Feudal Age
12:43 Double-Bit Axe
12:48 Horse Collar
13:39 Scale Mail Armor
13:42 Arson
15:43 Forging
18:33 Wheelbarrow
Connection lost

Rejoining the realm…

Still unreachable

The connection could not be restored.

Session expired

The server has moved on; the page needs a fresh start.